 Dungeon Crawl Stone Soup version 0.26-a0-667-g92642533e4 (webtiles) character file.

Game seed: 12107687923419802876

297 Chiseanne the Covert (level 6, -2/32 HPs)
             Began as a Spriggan Delver on Oct 18, 2020.
             Slain by a sky beast (5 damage)
             ... on level 5 of the Dungeon.
             The game lasted 00:07:54 (1393 turns).

Chiseanne the Covert (Spriggan Delver)              Turns: 1393, Time: 00:07:54

Health: -2/32      AC:  6    Str:  8    XL:     6   Next: 12%
Magic:  7/7        EV: 21    Int: 11    God:
Gold:   106        SH:  0    Dex: 20    Spells: 5/5 levels left

rFire    . . .     SeeInvis +   a - +0 short sword
rCold    + . .     Faith    .   (shield restricted)
rNeg     . . .     Spirit   .   b - +1 robe
rPois    .         Reflect  .   (helmet restricted)
rElec    .         Harm     .   m - +2 cloak
rCorr    .         Rampage  .   (gloves unavailable)
MR       +....                  (boots unavailable)
Stlth    +++++.....             (no amulet)
HPRegen  0.10/turn              e - ring of protection from cold
MPRegen  0.10/turn              (no ring)

@: very quick
A: very small, unfitting armour, see invisible, speed 3
a: no special abilities


You were on level 5 of the Dungeon.
You visited 2 branches of the dungeon, and saw 7 of its levels.

You collected 106 gold pieces.

Inventory:

Hand Weapons
 a - a +0 short sword (weapon)
 f - a +1 long sword of holy wrath
 r - a +0 hand crossbow
Missiles
 h - 18 sling bullets
 j - 26 arrows
 l - 27 stones
 p - 28 poisoned darts (quivered)
Armour
 b - a +1 robe (worn)
 m - a +2 cloak (worn)
Jewellery
 e - a ring of protection from cold (left hand)
Wands
 g - a wand of digging (3)
Scrolls
 c - a scroll of fog
 d - a scroll of magic mapping
 k - 3 scrolls of teleportation
Potions
 i - a potion of lignification {unknown}
 n - a potion of magic {unknown}
 o - a potion of heal wounds {unknown}
 q - 2 potions of curing {unknown}


   Skills:
 - Level 2.4 Fighting
 + Level 4.0 Short Blades
 + Level 5.3 Dodging
 * Level 10.0 Stealth


You had 5 spell levels left.
You didn't know any spells.
Your spell library was empty.

Dungeon Overview and Level Annotations

Branches:
Dungeon (6/15)             Temple (1/1) D:6

Altars:
Dithmenos
Elyvilon
Makhleb
Nemelex Xobeh
Qazlal
Ru
Trog
Uskayaw
Wu Jian
Xom
Zin
The Shining One
Lugonu

Annotations:
D:3 1 runed translucent door, lilly's ghost, weakling MiMo


Innate Abilities, Weirdness & Mutations

You are very small and have problems with some larger weapons.
You are too small for most types of armour.
You have supernaturally acute eyesight. (SInv)
You cover ground extremely quickly.


Message History

The jackal closely misses you. The ufetubus misses you.
The ufetubus barely misses you.
The jackal bites you but does no damage.
You hit the ufetubus.
You kill the ufetubus!
Your Stealth skill increases to level 10!
The jackal closely misses you.
You hit the sky beast.
The sky beast is lightly wounded.
The orc barely misses you. The jackal completely misses you.
The sky beast hits you.
* * * LOW HITPOINT WARNING * * *
The sky beast shocks you.
* * * LOW HITPOINT WARNING * * *
You hit the sky beast.
The sky beast is lightly wounded.
The jackal barely misses you. The orc misses you. The sky beast hits you.
* * * LOW HITPOINT WARNING * * *
The sky beast shocks you.
You die...

#..........<###...##........
...####..<..................
.. .##.....#...............
...............##....o.....
#....................##
......#...............#
......#......###.......
..........#..Y.o.....#
.......###..§h@......#
....## #.###.......# ..
.......##...## #........#
..... #..###..## .... ...
.... ).. ..#.. .. ...#.. .
.. ..


You could see a sky beast, an orc wizard, an orc and a jackal.

Vanquished Creatures
  2 bullfrogs (D:6)
  A scorpion (D:5)
  A hound (D:6)
  2 worker ants
  A hound zombie (D:6)
  An adder (D:6)
  An ufetubus (D:5)
  3 leopard geckos
  3 bats (D:3)
  2 goblins (D:3)
  2 hobgoblins
  A jackal (D:5)
  A frilled lizard (D:2)
  A kobold (D:2)
  2 rats (D:2)
24 creatures vanquished.

Notes
Turn   | Place    | Note
-------+----------+-------------------------------------------
     0 | D:5      | Chiseanne the Spriggan Delver began the quest for the Orb.
     0 | D:5      | Reached XP level 1. HP: 11/11 MP: 2/2
    11 | D:5      | Noticed a sky beast
    15 | D:5      | Noticed an orc wizard
    31 | D:5      | Found a glowing silver altar of Zin.
   364 | D:2      | Reached XP level 2. HP: 16/16 MP: 3/3
   429 | D:3      | Found a runed translucent door.
   429 | D:3      | Noticed lilly's ghost (weakling MiMo)
   494 | D:4      | Found a hide-covered altar of Uskayaw.
   880 | D:6      | Reached skill level 8 in Stealth
   880 | D:6      | Reached XP level 3. HP: 17/19 MP: 4/4
   922 | D:6      | Reached XP level 4. HP: 22/23 MP: 5/5
   956 | D:6      | Noticed a bullfrog
   964 | D:6      | Killed a bullfrog
   964 | D:6      | Reached skill level 9 in Stealth
   964 | D:6      | Reached XP level 5. HP: 27/27 MP: 6/6
   973 | D:6      | Found a staircase to the Ecumenical Temple.
   980 | Temple   | Entered the Ecumenical Temple
  1239 | D:6      | Reached skill level 5 in Dodging
  1329 | D:5      | Reached XP level 6. HP: 28/32 MP: 7/7
  1391 | D:5      | Reached skill level 10 in Stealth
  1393 | D:5      | Slain by a sky beast

Illustrated notes

Levels and vault maps discovered:
D:1:      minmay_arrival_stone_box, layout_basic
D:2:      layout_rooms, lemuel_coloured_pillars_altar,
          hangedman_abyss_or_decor_stabs, hangedman_decor_push,
          corexii_item_surrounded_by_moat, kennysheep_big_empty_room,
          elyvilon_altar_5
D:3:      layout_basic, lemuel_zombie_altar_yredelemnul, lemuel_crystal_altar,
          kennysheep_slug_shrine, hellmonk_ghost_happy_afterlife,
          skrybe_limestone_x
D:4:      cheibrodos_pilgrimage, layout_loops_ring, old_standard_altar,
          kennysheep_vampire_church
D:5:      layout_cave_pools, zin_treasury, lemuel_doored_altar,
          overflow_temple_1_default, minmay_misc_feat_columns, fedhas_altar_2
D:6:      layout_basic, temple_green, uniq_blork_the_orc
Temple:   corrupted_temple

Skill      XL: |  1  2  3  4  5  6 |
---------------+-------------------+-----
Stealth        | 8 9 10 | 10.0
Short Blades   | 3 4 |  4.0
Dodging        | 4 5 |  5.3
Fighting       | |  2.4

Action                   |  1- 3 |  4- 6 || total
-------------------------+-------+-------++-------
Melee: Short sword       |    41 |    53 ||    94
Throw: Dart              |     5 |     5 ||    10
       Stone             |       |     3 ||     3
  Use: Scroll            |     3 |     2 ||     5
       Potion            |     1 |       ||     1
 Stab: Sleeping          |    10 |     2 ||    12
       Distracted        |     1 |       ||     1
Armor: Robe              |     5 |    19 ||    24
Dodge: Dodged            |    29 |   143 ||   172

Table legend: (Time is in decaauts)
 A = Elapsed time spent in this place.
 B = Non-inter-level travel time spent in this place.
 C = Inter-level travel time spent in this place.
 D = Time resting spent in this place.
 E = Time spent auto-exploring this place.
 F = Levels seen in this place.
 G = Mean time per level.
                   A        B        C        D        E       F      G
               +--------+--------+--------+--------+--------+-----+--------+
         Total |    959 |    913 |     46 |    146 |      0 |   7 |  137.0 |
       Dungeon |    943 |    897 |     46 |    146 |      0 |   6 |  157.2 |
        Temple |     16 |     16 |      0 |      0 |      0 |   1 |   16.0 |
               +--------+--------+--------+--------+--------+-----+--------+

Top non-repeatable levels by time:
     D:6: 244 daAuts
     D:2: 218 daAuts
     D:3: 200 daAuts
     D:5: 136 daAuts
     D:4: 133 daAuts
  Temple: 16 daAuts
     D:1: 10 daAuts
